 Dungeon Crawl Stone Soup version 0.30-a0-141-g30f27751c5 (webtiles) character file.

Game seed: 17302761357743273651

210 jimonade the Cutter (level 5, -4/38 HPs)
             Began as a Demonspawn Brigand on Sept 25, 2022.
             Slain by an iguana (9 damage)
             ... on level 4 of the Dungeon.
             The game lasted 00:06:42 (2421 turns).

jimonade the Cutter (Demonspawn Brigand)            Turns: 2421, Time: 00:06:43

Health: -4/38      AC: 13    Str: 11    XL:     5   Next: 57%
Magic:  5/5        EV:  8    Int: 13    God:
Gold:   182        SH:  0    Dex: 16    Spells: 4/4 levels left

rFire   . . .      SeeInvis .    a - +2 dagger
rCold   . . .      Faith    .    (no shield)
rNeg    . . .      Spirit   .    h - +0 scale mail
rPois   .          Reflect  .    w - +0 helmet
rElec   .          Harm     .    c - +0 cloak
rCorr   +          Rampage  .    g - +0 pair of gloves
Will    .....                    (no boots)
Stlth   +.........               (no amulet)
HPRegen 0.12/turn                A - +4 ring of protection
MPRegen 0.09/turn                G - ring of resist corrosion

@: no status effects
A: hooves 1, powered by death 1
a: no special abilities


You were on level 4 of the Dungeon.
You visited 1 branch of the dungeon, and saw 4 of its levels.

You collected 182 gold pieces.

Inventory:

Hand Weapons
 a - a +2 dagger (weapon)
 o - a +0 shortbow
 r - a +1 short sword of speed
 C - a +5 club
 E - a +0 scimitar
Missiles
 d - 9 poisoned darts (quivered)
 e - 3 curare-tipped darts
 u - 5 atropa-tipped darts
Armour
 b - a +0 robe
 c - a +0 cloak (worn)
 g - a +0 pair of gloves (worn)
 h - a +0 scale mail (worn)
 w - a +0 helmet (worn)
Magical Staves
 q - a staff of fire
Jewellery
 x - a ring of flight
 A - a +4 ring of protection (left hand)
 G - a ring of resist corrosion (right hand)
Wands
 z - a wand of light (1)
Scrolls
 f - a scroll of blinking {unknown}
 i - 3 scrolls of fear {unknown}
 j - a scroll of silence {unknown}
 l - 2 scrolls of teleportation {unknown}
 m - a scroll of summoning {unknown}
 n - 4 scrolls of magic mapping {unknown}
 p - a scroll of immolation {unknown}
 t - a scroll of poison {unknown}
 y - 4 scrolls of identify {unknown}
 B - a scroll of fog {unknown}
Potions
 k - 2 potions of brilliance {unknown}
 s - a potion of flight {unknown}
 v - 5 potions of curing {unknown}
 D - a potion of invisibility {unknown}
 F - 2 potions of lignification {unknown}
 H - a potion of mutation {unknown}


   Skills:
 - Level 2.0 Fighting
 + Level 5.4 Short Blades
 - Level 1.7 Throwing
 - Level 0.8 Dodging
 - Level 3.6 Stealth


You had 4 spell levels left.
You didn't know any spells.
Your spell library was empty.

Dungeon Overview and Level Annotations

Branches:
Dungeon (4/15)
 Temple: D:4-7

Altars:


Innate Abilities, Weirdness & Mutations

You have large cloven feet.
You regenerate a little health from kills.


Message History

The iguana bites you.
You completely miss the iguana.
The iguana is heavily wounded.
The iguana bites you but does no damage.
You hit the iguana but do no damage. You kick the iguana.
The iguana is heavily wounded.
The iguana barely misses you.
You hit the iguana. Your kick misses the iguana.
The iguana is heavily wounded.
You hit the iguana but do no damage. You kick the iguana, but do no damage.
The iguana is heavily wounded.
The iguana misses you.
You hit the iguana but do no damage. Your kick misses the iguana.
The iguana is heavily wounded.
The iguana bites you.
You hit the iguana.
The iguana is severely wounded.
The iguana barely misses you.
You barely miss the iguana. Your kick misses the iguana.
The iguana is severely wounded.
You closely miss the iguana.
The iguana is severely wounded.
The iguana bites you!
You barely miss the iguana. Your kick misses the iguana.
The iguana is severely wounded.
The iguana bites you!
* * * LOW HITPOINT WARNING * * *
You barely miss the iguana. Your kick misses the iguana.
The iguana is severely wounded.
The iguana bites you but does no damage.
You hit the iguana but do no damage. You kick the iguana, but do no damage.
The iguana is severely wounded.
You hit the iguana but do no damage.
The iguana is severely wounded.
The iguana bites you.
* * * LOW HITPOINT WARNING * * *
You hit the iguana.
The iguana is almost dead.
The iguana bites you!
You die...

#.########.#########.#
###.# ### #.# ....#
#.# ###.# #.# #.# #.#
###.# #### ... ....#
#.. ... ###.### #l#
#...# #@# #...# #†#
#...# #.# ##.## #.#
####.# #.# ..#.# #.#
#.#.# #.#
##.#.###########.#
#..............#.# .#


You could see an iguana.

Vanquished Creatures
  A necrophage (D:2)
  An orc priest (D:3)
  Jessica (D:2)
  An orc wizard (D:3)
  An adder (D:3)
  A worm (D:2)
  2 dart slugs
  3 orcs (D:3)
  3 ball pythons
  3 endoplasms
  A giant cockroach (D:2)
  3 goblins
  A hobgoblin (D:4)
  3 jackals (D:1)
  7 quokkas
  6 bats
  2 frilled lizards
  4 kobolds
  6 rats
50 creatures vanquished.

Notes
Turn   | Place    | Note
-------+----------+-------------------------------------------
     0 | D:1      | jimonade the Demonspawn Brigand began the quest for the
                  | Orb.
     0 | D:1      | Reached XP level 1. HP: 16/16 MP: 1/1
    17 | D:1      | Reached skill level 2 in Short Blades
   110 | D:1      | Gained mutation: You regenerate a little health from kills.
                  | [demonic ancestry]
   110 | D:1      | Reached XP level 2. HP: 18/22 MP: 2/2
   286 | D:1      | Found a faded altar of an unknown god.
   441 | D:1      | Reached skill level 3 in Short Blades
   589 | D:2      | Noticed Jessica
   589 | D:2      | Noticed a necrophage
   767 | D:2      | Reached XP level 3. HP: 27/27 MP: 3/3
   864 | D:2      | You fall into a shaft and drop 1 floor!
  1363 | D:3      | Reached skill level 4 in Short Blades
  1363 | D:3      | Reached XP level 4. HP: 4/33 MP: 4/4
  1947 | D:2      | Killed Jessica
  2036 | D:2      | Killed a necrophage
  2037 | D:2      | Reached skill level 5 in Short Blades
  2037 | D:2      | Gained mutation: You have large cloven feet. [demonic
                  | ancestry]
  2037 | D:2      | Reached XP level 5. HP: 38/38 MP: 5/5
  2245 | D:4      | Identified the +1 cloak of the Stars {+Inv rF- rCorr Str+3}
  2421 | D:4      | Slain by an iguana

Illustrated notes

Levels and vault maps discovered:
D:1:      spicycebolla_arrival_clurvy, layout_basic,
          hellmonk_ecumenical_altar_lost_god
D:2:      layout_basic, uniq_jessica
D:3:      layout_rooms
D:4:      layout_loops_ring, kennysheep_okawaru_gauntlet, serial_shops, shop,
          uniq_edmund, uniq_grinder, uniq_eustachio

Skill      XL: |  1  2  3  4 |
---------------+-------------+-----
Short Blades   | 2 3 4 5 |  5.4
Fighting       | |  2.0
Throwing       | |  1.7
Dodging        | |  0.8
Stealth        | |  3.6

Action                   |  1- 3 |  4- 6 || total
-------------------------+-------+-------++-------
Melee: Dagger            |   164 |    64 ||   228
       Punch             |     1 |     1 ||     2
       Kick              |       |    14 ||    14
Evoke: Wand              |       |     2 ||     2
 Stab: Sleeping          |     6 |       ||     6
       Invisible         |       |     1 ||     1
Armor: Robe              |     8 |       ||     8
       Scale mail        |    53 |    18 ||    71
Dodge: Dodged            |    48 |    16 ||    64

Table legend: (Time is in decaauts)
 A = Elapsed time spent in this place.
 B = Non-inter-level travel time spent in this place.
 C = Inter-level travel time spent in this place.
 D = Time resting spent in this place.
 E = Time spent auto-exploring this place.
 F = Levels seen in this place.
 G = Mean time per level.
                   A        B        C        D        E       F      G
               +--------+--------+--------+--------+--------+-----+--------+
         Total |   2377 |   2287 |     90 |    485 |   1009 |   4 |  594.2 |
       Dungeon |   2377 |   2287 |     90 |    485 |   1009 |   4 |  594.2 |
               +--------+--------+--------+--------+--------+-----+--------+

Top non-repeatable levels by time:
     D:1: 1113 daAuts
     D:3: 612 daAuts
     D:2: 473 daAuts
     D:4: 177 daAuts
